 Dungeon Crawl Stone Soup version 0.30-a0-760-g5a9884bb7c (webtiles) character file.

Game seed: 727247865784141024

101 sanka the Slasher (level 4, -4/35 HPs)
             Began as a Merfolk Gladiator on Feb 12, 2023.
             Slain by an orc
             ... wielding a +0 falchion
              (6 damage)
             ... on level 2 of the Dungeon.
             The game lasted 00:02:10 (1246 turns).

sanka the Slasher (Merfolk Gladiator)               Turns: 1246, Time: 00:02:11

Health: -4/35      AC:  4    Str: 14    XL:     4   Next: 75%
Magic:  4/4        EV: 13    Int:  7    God:
Gold:   48         SH:  0    Dex: 17    Spells: 3/3 levels left

rFire   . . .      SeeInvis .    a - +0 long sword
rCold   . . .      Faith    .    (no shield)
rNeg    . . .      Spirit   .    b - +0 leather armour
rPois   .          Reflect  .    c - +0 helmet
rElec   .          Harm     .    (no cloak)
rCorr   .          Rampage  .    (no gloves)
Will    .....                    (no boots)
Stlth   +                        (no amulet)
HPRegen 0.25/turn                (no ring)
MPRegen 0.09/turn                (no ring)

@: no status effects
A: (nimble swimmer 2), mertail
a: no special abilities


You were on level 2 of the Dungeon.
You visited 1 branch of the dungeon, and saw 2 of its levels.

You collected 48 gold pieces.


Innate Abilities, Weirdness & Mutations

((You are very nimble when in or above water. (Stealth+, EV+, Speed+++)))
Your lower body shifts to a powerful aquatic tail in water.


   Skills:
 - Level 3.0 Fighting
 + Level 6.0 Long Blades
 - Level 2.0 Throwing
 - Level 4.0 Dodging


You had 3 spell levels left.
You didn't know any spells.
Your spell library was empty.

Inventory:

Hand Weapons
 a - a +0 long sword (weapon)
Missiles
 d - 3 throwing nets (quivered) {=f}
 e - a javelin
Armour
 b - a +0 leather armour (worn)
 c - a +0 helmet (worn)
Magical Staves
 k - a staff of conjuration {!a}
Jewellery
 j - an amulet of magic regeneration
Scrolls
 g - a scroll of teleportation {unknown}
 i - 2 scrolls of identify {unknown}
 n - a scroll of torment {unknown}
 o - a scroll of magic mapping {unknown}
Potions
 f - a potion of haste {unknown}
 h - a potion of invisibility {unknown}
 l - a potion of lignification {unknown}
 p - a potion of cancellation {unknown}
 q - a potion of might {unknown}

Dungeon Overview and Level Annotations

Branches:
Dungeon (2/15)

Altars:

...▒▒▒▒..)(..▒......>...
......................
▒▒..▒.▒.▒▒▒..........
▒......▒▒▒.▒▒.▒...▒.
▒▒.▒.......▒▒.▒...▒.
▒.▒▒▒▒▒▒▒▒▒▒.▒...▒.
▒▒▒▒▒.▒ ▒...▒.
▒.....▒▒▒▒▒▒▒▒▒▒.......
▒.▒▒▒▒mo†..)...........
▒.▒▒▒▒..▒▒▒.▒..▒▒. ▒£▒
.▒ ▒..▒ . ▒.▒ .. ▒.▒ ▒.
▒.. . ▒▒▒


You could see an orc.


Message History

You resist with some effort. The orc closely misses you.
Unknown command.
You closely miss the orc wizard.
The orc wizard is severely wounded.
The orc wizard points at you and mumbles some strange words.
The magic dart hits you.
* * * LOW HITPOINT WARNING * * *
The orc closely misses you.
Unknown command.
You barely miss the orc wizard.
The orc wizard is severely wounded.
The orc wizard barely misses you. The orc barely misses you.
Unknown command.
You slash the orc wizard!
You kill the orc wizard!
The orc hits you with a +0 falchion.
* * * LOW HITPOINT WARNING * * *
Your Long Blades skill increases to level 6!
Unknown command.
Items here: )) [[ ††.
The orc attacks as you move away! The orc hits you with a +0 falchion.
* * * LOW HITPOINT WARNING * * *
You barely miss the orc. The orc misses you.
You hit the orc but do no damage. The orc hits you with a +0 falchion.
You die...

Action                     |  1- 3 |  4- 6 || total
---------------------------+-------+-------++-------
  Melee: Long sword        |   102 |    20 ||   122
         Punch             |     3 |     1 ||     4
    Use: Potion            |       |     2 ||     2
   Stab: Sleeping          |     1 |       ||     1
 Armour: Leather armour    |    26 |     5 ||    31
  Dodge: Dodged            |    78 |    20 ||    98

Levels and vault maps discovered:
D:1:      sevenhm_arrival_forest_fort_large_4, layout_loops_ring
D:2:      layout_loops_cross, lexackson_kobold_supper, uniq_natasha

Notes
Turn   | Place    | Note
-------+----------+-------------------------------------------
     0 | D:1      | sanka the Merfolk Gladiator began the quest for the Orb.
     0 | D:1      | Reached XP level 1. HP: 16/16 MP: 1/1
   282 | D:1      | Reached skill level 3 in Fighting
   282 | D:1      | Reached XP level 2. HP: 24/24 MP: 2/2
   390 | D:1      | Reached skill level 4 in Long Blades
   669 | D:1      | Reached XP level 3. HP: 29/29 MP: 3/3
   960 | D:2      | Reached skill level 5 in Long Blades
  1204 | D:2      | Noticed Natasha
  1216 | D:2      | Killed Natasha
  1217 | D:2      | Reached XP level 4. HP: 11/35 MP: 4/4
  1231 | D:2      | HP: 3/35 [orc/+0 falchion (1)]
  1243 | D:2      | Reached skill level 6 in Long Blades
  1244 | D:2      | HP: 1/35 [orc/+0 falchion (4)]
  1246 | D:2      | Slain by an orc

Vanquished Creatures
  An orc wizard (D:2)
  Natasha (D:2)
  An adder (D:2)
  An orc (D:2)
  3 endoplasms
  3 giant cockroaches (D:2)
  2 goblins (D:1)
  3 hobgoblins (D:1)
  3 jackals (D:1)
  2 quokkas (D:1)
  2 ball pythons (D:1)
  5 frilled lizards
  8 kobolds
  6 rats
41 creatures vanquished.

Vanquished Creatures (others)
  14 plants (D:2)
14 creatures vanquished.

Grand Total: 55 creatures vanquished
